 Seeded DCSS version 0.28-a0-1356-g2ad6d04315 (webtiles) character file.

Game seed: 12130800008223909736 (custom seed)

2914 croobank the Shield-Bearer (level 9, -5/51 HPs)
             Began as an Octopode Earth Elementalist on Dec 30, 2021.
             Was an Initiate of Vehumet.
             Slain by an orc warrior (24 damage)
             ... on level 9 of the Dungeon.
             The game lasted 00:47:04 (12499 turns).

croobank the Shield-Bearer (OpEE)                  Turns: 12499, Time: 00:47:04

Health: -5/51      AC:  1    Str: 18    XL:     9   Next: 78%
Magic:  17/17      EV: 12    Int: 17    God:    Vehumet [......]
Gold:   340        SH: 14    Dex: 12    Spells: 13/19 levels left

rFire   + . .      SeeInvis .   a - +0 trident
rCold   + . .      Faith    .   g - +5 kite shield {rC+ rF+}
rNeg    . . .      Spirit   .   (helmet restricted)
rPois   .          Reflect  .   p - amulet of magic regeneration
rElec   .          Harm     .   e - ring of wizardry
rCorr   .          Rampage  .   x - +6 ring of strength
Will    .....                   (no ring)
Stlth   ++++......              (no ring)
HPRegen 0.17/turn               (no ring)
MPRegen 0.55/turn               (no ring)
                                (no ring)
                                (no ring)

@: no status effects
A: almost no armour, amphibious, 8 rings, camouflage 1, gelatinous body 1,
(nimble swimmer 1), tentacles
a: Renounce Religion


You were on level 9 of the Dungeon.
You worshipped Vehumet.
Vehumet was noncommittal.
You visited 2 branches of the dungeon, and saw 10 of its levels.
You also visited: Ossuary.

You collected 363 gold pieces.
You spent 23 gold pieces at shops.

Inventory:

Hand Weapons
 a - a +0 trident (weapon)
 b - a +0 hunting sling
 i - a +0 shortbow
 M - a +5 scimitar
Missiles
 d - 33 bolts
 h - 58 poisoned darts
 l - 61 arrows
 n - 232 stones
 o - 90 sling bullets
 r - 8 boomerangs
 K - 2 curare-tipped darts
Armour
 g - a +5 kite shield of resistance (worn)
Magical Staves
 k - a staff of earth
Jewellery
 e - a ring of wizardry (left tentacle)
 p - an amulet of magic regeneration (around mantle)
 x - a +6 ring of strength (right tentacle)
Wands
 t - a wand of flame (8)
Scrolls
 c - 5 scrolls of identify {identify, unknown}
 j - a scroll of amnesia {amnesia, unknown}
 s - a scroll of fog {fog, unknown}
 v - 2 scrolls of vulnerability {vuln, unknown}
 w - a scroll of silence {silence, unknown}
 y - 2 scrolls of magic mapping {magic mapping, unknown}
 z - 2 scrolls of blinking
 C - 2 scrolls of summoning {summoning, unknown}
 D - a scroll of teleportation
 E - a scroll of immolation {immolation, unknown}
 F - a scroll of brand weapon {brand weapon, unknown}
 L - a scroll of torment {torment, unknown}
Potions
 f - 2 potions of heal wounds {heal wounds, unknown}
 m - 2 potions of degeneration {degeneration}
 q - a potion of lignification {lignification, unknown}
 u - 2 potions of curing
 A - a potion of resistance {resistance, unknown}
 B - 2 potions of mutation {mutation, unknown}
 G - a potion of cancellation {cancellation, unknown}
 H - a potion of might
 I - a potion of magic {magic, unknown}
 J - a potion of haste
 N - a potion of brilliance {unknown}


   Skills:
 - Level 6.4 Staves
 - Level 3.1 Dodging
 - Level 4.4 Stealth
 - Level 6.7 Shields
 + Level 5.5 Spellcasting
 + Level 4.9 Conjurations
 - Level 2.6 Transmutations
 - Level 3.8 Earth Magic


You had 13 spell levels left.
You knew the following spells:

 Your Spells              Type           Power      Damage    Failure   Level
a - Sandblast             Erth           34%        2d9       3%          1
b - Passwall              Tmut/Erth      12%        N/A       6%          2
c - Stone Arrow           Conj/Erth      38%        3d9       8%          3

Your spell library contained the following spells:

 Spells                   Type           Power      Damage    Failure   Level
 Ensorcelled Hibernation  Hex/Ice        8%         N/A       24%         2
 Petrify                  Tmut/Erth      15%        N/A       38%         4
 Swiftness                Air            4%         N/A       41%         3
 Tukima's Dance           Hex            4%         N/A       41%         3
 Iskenderun's Battlesphe  Conj           21%        2d7       47%         5
 Fireball                 Conj/Fire      6%         3d5       80%         5
 Conjure Ball Lightning   Conj/Air       6%         3x3d6     100%        6
 Enfeeble                 Hex            2%         N/A       100%        7
 Orb of Destruction       Conj           10%        9d5       100%        7


Dungeon Overview and Level Annotations

Branches:
Dungeon (9/15)             Temple (1/1) D:4         Ossuary (visited)
   Lair: D:8-11         Orc: D:9-12

Altars:
Ashenzari
Cheibriados
Dithmenos
Elyvilon
Fedhas
Gozag
Hepliaklqana
Kikubaaqudgha
Makhleb
Nemelex Xobeh
Okawaru
Qazlal
Ru
Sif Muna
Trog
Uskayaw
Vehumet
Wu Jian
Xom
Yredelemnul
Zin
The Shining One

Shops:
D:1 *   D:2 =   D:3 !

Annotations:
D:3 Ijyb
D:4 1 runed translucent door, croobank's ghost, novice OpEE


Innate Abilities, Weirdness & Mutations

You cannot wear most types of armour.
You are amphibious.
You can wear up to eight rings at the same time.
Your skin changes colour to match your surroundings (Stealth+).
Your rubbery body absorbs attacks. (AC +1, EV +1)
((You are camouflaged when in or above water. (Stealth+)))
You have tentacles for arms and can constrict up to eight enemies at once.


Message History

Press: ? - help, Q - select action, (/) - cycle Shift-Dir - straight line, f - orc warrior
Aim: an orc warrior, wielding a +0 battleaxe and wearing a +0 chain mail (52% to hit)
You shoot a sling bullet.
The sling bullet closely misses the orc warrior.
Fire: 92 sling bullets
Press: ? - help, Q - select action, (/) - cycle Shift-Dir - straight line, f/p - orc warrior
Aim: an orc warrior, wielding a +0 battleaxe and wearing a +0 chain mail (52% to hit)
You shoot a sling bullet. The sling bullet hits the orc warrior!
The orc warrior is moderately wounded.
Fire: 91 sling bullets
Press: ? - help, Q - select action, (/) - cycle Shift-Dir - straight line, f/p - orc warrior
Aim: an orc warrior, wielding a +0 battleaxe and wearing a +0 chain mail (moderately wounded, 52% to hit)
You shoot a sling bullet. The sling bullet hits the orc warrior.
The orc warrior is heavily wounded.
a - a +0 trident (weapon)
Reach: a) +0 trident
Press: ? - help, Dir - move target, f/p - orc warrior
Aim: an orc warrior, wielding a +0 battleaxe and wearing a +0 chain mail (heavily wounded, about 48% to evade your +0 trident)
You reach to attack!
You puncture the orc warrior!
The orc warrior is severely wounded.
You barely miss the orc warrior. Your grab misses the orc warrior.
The orc warrior is severely wounded.
The orc warrior hits you with a +0 battleaxe!
The orc warrior barely misses you.
You closely miss the orc warrior. Your grab misses the orc warrior.
Your squeeze misses the orc warrior.
The orc warrior is severely wounded.
You block the orc warrior's attack.
Your shield prevents you from hitting the orc warrior.
The orc shouts!
You grab the orc warrior.
You squeeze the orc warrior, but do no damage.
The orc warrior is severely wounded.
You constrict the orc warrior, but do no damage.
The orc warrior hits you with a +0 battleaxe!!
You barely miss the orc warrior.
The orc warrior is severely wounded.
You constrict the orc warrior, but do no damage.
The orc warrior hits you with a +0 battleaxe!!
You die...

.......o...#.......#.............
........####....(..#............#
........#..........###..........#
........#.......o....#..........#
##......###.....(....#####......#
#......>.#............. #......#
#.?......#.............##......#
#....#####.....o.......#.......#
#....#.........@.......#.......#
+....#.................#.......#
#....#.................#.......#
###..............#.......#
#....#####.)...#........ #....#
#.....#........ #....#
#.....##....... #....#
#......#.......
#....#####.#'####.......


You could see an orc warrior and an orc.

Vanquished Creatures
  A wyvern (D:9)
  Eustachio (D:4)
  Duvessa (D:4)
  3 water moccasins
  An orc warrior (D:6)
  An ice beast (D:8)
  A black bear (D:7)
  2 centaurs
  2 necrophages
  An ogre (D:7)
  2 phantoms
  6 bullfrogs
  2 scorpions
  Dowan (D:4)
  A water moccasin skeleton (D:7)
  3 wights (D:8)
  2 howler monkeys
  3 centaur zombies
  A human zombie (Ossuary)
  2 hounds (D:6)
  3 orc wizards
  2 scorpion zombies (D:5)
  6 mummies
  8 adders
  A shadow imp (D:7)
  A white imp (D:8)
  An ufetubus (D:4)
  A dart slug (D:1)
  12 orcs
  5 endoplasms
  4 giant cockroaches
  3 goblins
  5 hobgoblins
  4 jackals (D:4)
  5 quokkas
  7 ball pythons
  6 bats
  3 frilled lizards (D:1)
  2 goblin zombies (Ossuary)
  A hobgoblin zombie (Ossuary)
  2 kobolds (D:1)
  An orc zombie (Ossuary)
  5 rats
125 creatures vanquished.

Vanquished Creatures (others)
  A fungus (D:2)
  10 plants
11 creatures vanquished.

Grand Total: 136 creatures vanquished

Notes
Turn   | Place    | Note
-------+----------+-------------------------------------------
     0 | D:1      | croobank the Octopode Earth Elementalist began the quest
                  | for the Orb.
     0 | D:1      | Reached XP level 1. HP: 11/11 MP: 3/3
   268 | D:1      | Reached XP level 2. HP: 6/17 MP: 3/5
   271 | D:1      | Learned a level 2 spell: Passwall
   856 | D:1      | Found Wisoshren's General Store.
  1020 | D:1      | Reached XP level 3. HP: 21/21 MP: 6/6
  1163 | D:1      | Bought 21 stones for 23 gold pieces
  1653 | D:3      | Noticed Ijyb
  2133 | D:2      | Found a faded altar of an unknown god.
  2206 | D:2      | Found Tueluf's Jewellery Shoppe.
  2212 | D:2      | Reached XP level 4. HP: 20/27 MP: 7/7
  3044 | D:3      | Found Couciofe's Distillery.
  3095 | D:4      | Noticed a phantom
  3107 | D:4      | Killed a phantom
  3108 | D:4      | Reached skill level 1 in Shields
  3108 | D:4      | Reached XP level 5. HP: 26/31 MP: 2/9
  3510 | D:5      | Entered Level 5 of the Dungeon
  3518 | D:5      | Reached XP level 6. HP: 36/36 MP: 5/10
  3615 | D:5      | Reached skill level 1 in Staves
  3944 | D:6      | Reached XP level 7. HP: 36/41 MP: 8/11
  4430 | D:5      | Found a sparkling altar of Nemelex Xobeh.
  4807 | D:4      | Identified the +0 pair of gloves of the Constellations {rF+
                  | rC++ Dex+4}
  4853 | D:4      | Found a staircase to the Ecumenical Temple.
  4862 | Temple   | Entered the Ecumenical Temple
  4922 | Temple   | Became a worshipper of Vehumet
  5241 | D:4      | Noticed Eustachio
  5265 | D:4      | Killed Eustachio
  5591 | D:4      | Found a runed translucent door.
  5593 | D:4      | Noticed croobank's ghost (novice OpEE)
  5601 | D:4      | Learned a level 3 spell: Stone Arrow
  5806 | D:4      | Noticed Duvessa
  5806 | D:4      | Noticed Dowan
  5813 | D:4      | Killed Duvessa
  5824 | D:4      | Killed Dowan
  6379 | D:6      | HP: 1/41 [centaur (2)]
  6386 | D:6      | Reached XP level 8. HP: 5/46 MP: 10/12
  7140 | D:6      | Reached skill level 5 in Shields
  7520 | D:7      | Reached skill level 5 in Staves
  7919 | D:6      | HP: 1/46 [orc warrior (7)]
  9302 | D:7      | Reached XP level 9. HP: 37/51 MP: 13/13
  9995 | D:7      | Reached skill level 1 in Conjurations
 10677 | D:8      | Found a sand-covered staircase.
 10773 | Ossuary  | Entered an ossuary
 11508 | D:8      | Reached skill level 5 in Spellcasting
 11674 | D:8      | Found a stormy altar of Qazlal.
 12333 | D:9      | Found a shimmering altar of Xom.
 12499 | D:9      | Slain by an orc warrior

Illustrated notes

Levels and vault maps discovered:
D:1:      grunt_arrival_crossed_arrows, layout_loops_ring, serial_shops, shop,
          chequers_serial_rivers_micro_b
D:2:      layout_basic, serial_shops, shop,
          shapermc_ecumenical_altar_mp_urbaneastern
D:3:      layout_loops_cross, serial_shops, shop_statue, uniq_ijyb, uniq_sigmund
D:4:      layout_basic, lemuel_temple_firewalk_a, ebering_ghost_reflecting_pool,
          uniq_eustachio, uniq_duvessa
D:5:      layout_loops_cross, mainiacjoe_overflow_paths
D:6:      layout_layer_cave, chequers_big_river, dk_noncrumbling_4
D:7:      layout_loops_corners
D:8:      layout_loops_ring, mainiacjoe_overflow_concentric_impassable,
          gup_ossuary_entry_pyramid
D:9:      layout_irregular_city, mainiacjoe_overflow_surrounded_room
Temple:   mainiacjoe_temple_bowtie_tessellation

Skill      XL: |  1  2  3  4  5  6  7  8  9 |
---------------+----------------------------+-----
Stealth        | 3 4 |  4.4
Transmutations | 2 |  2.6
Shields        | 1 2 4 6 |  6.7
Dodging        | 3 |  3.1
Spellcasting   | 3 5 |  5.5
Staves         | 2 4 6 |  6.4
Conjurations   | 4 |  4.9
Earth Magic    | |  3.8

Action                   |  1- 3 |  4- 6 |  7- 9 || total
-------------------------+-------+-------+-------++-------
Melee: Unarmed           |    27 |       |       ||    27
       Constrict         |    21 |     5 |    45 ||    71
       Tentacles         |    12 |     8 |    59 ||    79
       Spear             |    48 |       |       ||    48
       Trident           |     6 |    13 |   198 ||   217
       Staff             |       |    20 |    11 ||    31
 Fire: Hunting sling     |       |    12 |    29 ||    41
Throw: Dart              |       |       |     9 ||     9
 Cast: Sandblast         |     8 |    29 |    31 ||    68
  Use: Scroll            |     3 |       |     5 ||     8
       Potion            |       |     1 |     9 ||    10
 Stab: Sleeping          |    18 |     6 |     9 ||    33
Armor: Skin              |     6 |     3 |     9 ||    18
Dodge: Dodged            |    49 |    26 |   112 ||   187
Block: Kite shield       |       |       |   143 ||   143

Table legend: (Time is in decaauts)
 A = Elapsed time spent in this place.
 B = Non-inter-level travel time spent in this place.
 C = Inter-level travel time spent in this place.
 D = Time resting spent in this place.
 E = Time spent auto-exploring this place.
 F = Levels seen in this place.
 G = Mean time per level.
                   A        B        C        D        E       F      G
               +--------+--------+--------+--------+--------+-----+--------+
         Total |  12517 |  12116 |    401 |   4535 |   4767 |  11 | 1137.9 |
       Dungeon |  11720 |  11325 |    395 |   4175 |   4510 |   9 | 1302.2 |
        Temple |    202 |    196 |      6 |      0 |    172 |   1 |  202.0 |
       Ossuary |    593 |    593 |      0 |    360 |     85 |   1 |  593.0 |
               +--------+--------+--------+--------+--------+-----+--------+

Top non-repeatable levels by time:
     D:6: 2135 daAuts
     D:7: 1954 daAuts
     D:4: 1765 daAuts
     D:5: 1375 daAuts
     D:1: 1200 daAuts
     D:2: 1158 daAuts
     D:8: 1010 daAuts
     D:3: 725 daAuts
 Ossuary: 593 daAuts
     D:9: 396 daAuts
  Temple: 202 daAuts
